% Time on Ice - BOISE CARIBOUS
Lines # - Real PCT - Wanted PCT - Time Play
Normal Forward
1 - 29% - 29% - 15:37
2 - 29% - 29% - 15:43
3 - 29% - 28% - 15:43
4 - 14% - 14% - 7:32
Normal Defense
1 - 34% - 36% - 18:28
2 - 34% - 33% - 18:27
3 - 27% - 27% - 14:46
4 - 5% - 4% - 2:54
PP Forward
1 - 0% - 55%
2 - 0% - 45%
PP Defense
1 - 0% - 55%
2 - 0% - 45%
PK Forward
1 - 67% - 55% - 3:09
2 - 33% - 45% - 1:35
PK Defense
1 - 54% - 55% - 2:33
2 - 46% - 45% - 2:11
PK3 Forward
1 - 0% - 55%
2 - 0% - 45%
PK3 Defense
1 - 0% - 55%
2 - 0% - 45%
44 Forward
1 - 0% - 55%
2 - 0% - 45%
44 Defense
1 - 0% - 55%
2 - 0% - 45%
Last Minute Offensive  - 0:41
Last Minute Defensive  - 0:00
Total
Forward - 60:00
Defense - 60:00
% Time on Ice - CALGARY FIREMEN
Lines # - Real PCT - Wanted PCT - Time Play
Normal Forward
1 - 32% - 32% - 17:34
2 - 30% - 30% - 16:29
3 - 25% - 25% - 13:55
4 - 12% - 13% - 6:37
Normal Defense
1 - 31% - 32% - 16:39
2 - 29% - 30% - 16:02
3 - 33% - 25% - 18:02
4 - 7% - 13% - 3:52
PP Forward
1 - 51% - 50% - 2:25
2 - 49% - 50% - 2:19
PP Defense
1 - 52% - 50% - 2:28
2 - 48% - 50% - 2:16
PK Forward
1 - 0% - 50%
2 - 0% - 50%
PK Defense
1 - 0% - 50%
2 - 0% - 50%
PK3 Forward
1 - 0% - 50%
2 - 0% - 50%
PK3 Defense
1 - 0% - 50%
2 - 0% - 50%
44 Forward
1 - 0% - 50%
2 - 0% - 50%
44 Defense
1 - 0% - 50%
2 - 0% - 50%
Last Minute Offensive  - 0:00
Last Minute Defensive  - 0:41
Total
Forward - 60:00
Defense - 60:00
Play-by-Play 1st period 0:01 of 1st period - Carl Soderberg wins face-off versus Adam Henrique in neutral zone. 0:04 of 1st period - Shot by Tom Wilson. 0:04 of 1st period - Shot Misses the Net. 1:11 of 1st period - Shot by Andre Burakovsky. 1:11 of 1st period - Stopped by Antti Raanta without a rebound. 1:12 of 1st period - Frans Nielsen wins face-off versus Kyle Turris in CALGARY FIREMEN zone. 1:12 of 1st period - Yakov Trenin is hit by Kyle Turris. 1:22 of 1st period - Shot by Sonny Milano. 1:22 of 1st period - Shot Misses the Net. 1:29 of 1st period - Frans Nielsen is hit by Oskar Sundqvist and loses puck. 1:55 of 1st period - Greg Pateryn is hit by Yakov Trenin and loses puck. 2:22 of 1st period - Ivan Barbashev is hit by Yakov Trenin and loses puck. 3:42 of 1st period - Shot by Ryan Johansen. 3:42 of 1st period - Stopped by Jake Allen without a rebound. 3:43 of 1st period - Tom Wilson wins face-off versus Brett Howden in BOISE CARIBOUS zone. 4:00 of 1st period - Shot by Carl Soderberg. 4:00 of 1st period - Stopped by Antti Raanta with a rebound. 4:14 of 1st period - Shot by Brett Howden. 4:14 of 1st period - Shot Misses the Net. 4:16 of 1st period - Shot by Brett Howden. 4:16 of 1st period - Shot Misses the Net. 4:18 of 1st period - Shot by Sami Vatanen. 4:18 of 1st period - Stopped by Jake Allen without a rebound. 4:19 of 1st period - Ryan Johansen wins face-off versus Kyle Turris in BOISE CARIBOUS zone. 5:55 of 1st period - Shot by Andre Burakovsky. 5:55 of 1st period - Shot Misses the Net. 5:57 of 1st period - Shot by Greg Pateryn. 5:57 of 1st period - Stopped by Antti Raanta without a rebound. 5:58 of 1st period - Theodor Blueger wins face-off versus Brett Howden in CALGARY FIREMEN zone. 8:02 of 1st period - Shot by Viktor Arvidsson. 8:02 of 1st period - Shot Blocked by Rasmus Andersson. 8:04 of 1st period - Shot by Filip Forsberg. 8:04 of 1st period - Stopped by Jake Allen without a rebound. 8:05 of 1st period - Brett Howden wins face-off versus Kyle Turris in BOISE CARIBOUS zone. 8:39 of 1st period - Shot by Chase De Leo. 8:39 of 1st period - Shot Misses the Net. 9:21 of 1st period - Shot by Ryan Johansen. 9:21 of 1st period - Stopped by Jake Allen without a rebound. 9:22 of 1st period - Carl Soderberg wins face-off versus Adam Henrique in BOISE CARIBOUS zone. 9:56 of 1st period - Icing by Filip Forsberg. 9:57 of 1st period - Adam Henrique wins face-off versus Radek Faksa in CALGARY FIREMEN zone. 10:32 of 1st period - Shot by Radek Faksa. 10:32 of 1st period - Stopped by Antti Raanta without a rebound. 10:33 of 1st period - Ryan Johansen wins face-off versus Theodor Blueger in CALGARY FIREMEN zone. 10:50 of 1st period - Shot by Brendan Gallagher. 10:50 of 1st period - Stopped by Jake Allen without a rebound. 10:51 of 1st period - Carl Soderberg wins face-off versus Frans Nielsen in BOISE CARIBOUS zone. 10:58 of 1st period - Frans Nielsen is hit by Lawson Crouse and loses puck. 11:31 of 1st period - Minor Penalty to Tom Wilson for Hooking. 11:32 of 1st period - Radek Faksa wins face-off versus Ryan Johansen in BOISE CARIBOUS zone. 12:17 of 1st period - Shot by Brendan Gallagher. 12:17 of 1st period - Goal by Brendan Gallagher - BOISE CARIBOUS : 0 - CALGARY FIREMEN : 1. 12:18 of 1st period - Adam Henrique wins face-off versus Theodor Blueger in neutral zone. 12:45 of 1st period - Shot by Adam Henrique. 12:45 of 1st period - Shot Misses the Net. 13:08 of 1st period - John Klingberg is hit by Viktor Arvidsson and loses puck. 13:15 of 1st period - Icing by Jake McCabe. 13:16 of 1st period - Radek Faksa wins face-off versus Adam Henrique in CALGARY FIREMEN zone. 13:21 of 1st period - Shot by Andre Burakovsky. 13:21 of 1st period - Stopped by Antti Raanta without a rebound. 13:22 of 1st period - Ivan Barbashev wins face-off versus Ryan Johansen in CALGARY FIREMEN zone. 13:46 of 1st period - Icing by Oskar Lindblom. 13:47 of 1st period - Ryan Johansen wins face-off versus Carl Soderberg in CALGARY FIREMEN zone. 13:47 of 1st period - Brendan Gallagher is hit by Lawson Crouse and loses puck. 14:00 of 1st period - John Klingberg is hit by Ryan Johansen and loses puck. 14:39 of 1st period - Shot by Sonny Milano. 14:39 of 1st period - Shot Misses the Net. 14:58 of 1st period - Frans Nielsen is hit by Matt Bartkowski and loses puck. 15:05 of 1st period - Shot by Frans Nielsen. 15:05 of 1st period - Shot Misses the Net. 16:34 of 1st period - Shot by Dominik Kubalik. 16:34 of 1st period - Shot Misses the Net. 16:44 of 1st period - Shot by Brent Seabrook. 16:44 of 1st period - Shot Misses the Net. 16:46 of 1st period - Shot by Brett Howden. 16:46 of 1st period - Shot Misses the Net. 16:48 of 1st period - Shot by Brett Howden. 16:48 of 1st period - Stopped by Jake Allen without a rebound. 16:49 of 1st period - Ryan Johansen wins face-off versus Mario Kempe in BOISE CARIBOUS zone. 17:02 of 1st period - Shot by Oskar Lindblom. 17:02 of 1st period - Shot Misses the Net. 17:15 of 1st period - Theodor Blueger is hit by Jake McCabe and loses puck. 17:30 of 1st period - Shot by Oskar Lindblom. 17:30 of 1st period - Stopped by Jake Allen without a rebound. 17:31 of 1st period - Frans Nielsen wins face-off versus Radek Faksa in BOISE CARIBOUS zone. 18:54 of 1st period - Shot by Filip Forsberg. 18:54 of 1st period - Stopped by Jake Allen without a rebound. 18:55 of 1st period - Carl Soderberg wins face-off versus Ryan Johansen in BOISE CARIBOUS zone. 19:38 of 1st period - Shot by Brendan Gallagher. 19:38 of 1st period - Stopped by Jake Allen without a rebound. 19:39 of 1st period - Brett Howden wins face-off versus Radek Faksa in BOISE CARIBOUS zone. 19:40 of 1st period - Shot by Sami Vatanen. 19:40 of 1st period - Stopped by Jake Allen with a rebound. Goals for this period are 0 for BOISE CARIBOUS vs 1 for CALGARY FIREMEN. Shots for this period are 5 for BOISE CARIBOUS vs 11 for CALGARY FIREMEN. 2nd period 0:01 of 2nd period - Oskar Sundqvist wins face-off versus Sonny Milano in neutral zone. 0:10 of 2nd period - Shot by Sonny Milano. 0:10 of 2nd period - Stopped by Jake Allen without a rebound. 0:11 of 2nd period - Ryan Johansen wins face-off versus Radek Faksa in BOISE CARIBOUS zone. 0:16 of 2nd period - Shot by Ryan Johansen. 0:16 of 2nd period - Goal by Ryan Johansen - BOISE CARIBOUS : 0 - CALGARY FIREMEN : 2. 0:17 of 2nd period - Ryan Johansen wins face-off versus Kyle Turris in neutral zone. 0:30 of 2nd period - Shot by Brendan Gallagher. 0:30 of 2nd period - Stopped by Jake Allen without a rebound. 0:31 of 2nd period - Frans Nielsen wins face-off versus Radek Faksa in BOISE CARIBOUS zone. 1:47 of 2nd period - Filip Forsberg is hit by Ethan Prow and loses puck. 2:30 of 2nd period - Off-side. 2:31 of 2nd period - Ryan Johansen wins face-off versus Kyle Turris in neutral zone. 2:55 of 2nd period - Icing by John Klingberg. 2:56 of 2nd period - Kyle Turris wins face-off versus Brett Howden in BOISE CARIBOUS zone. 3:43 of 2nd period - Shot by Carl Soderberg. 3:43 of 2nd period - Stopped by Antti Raanta without a rebound. 3:44 of 2nd period - Ryan Johansen wins face-off versus Theodor Blueger in CALGARY FIREMEN zone. 3:44 of 2nd period - Ryan Johansen is hit by Theodor Blueger. 3:49 of 2nd period - Icing by Brendan Gallagher. 3:50 of 2nd period - Ryan Johansen wins face-off versus Carl Soderberg in CALGARY FIREMEN zone. 3:50 of 2nd period - Minor Penalty to Tom Wilson for Hooking. 3:51 of 2nd period - Adam Henrique wins face-off versus Radek Faksa in BOISE CARIBOUS zone. 4:05 of 2nd period - Icing by Filip Forsberg. 4:06 of 2nd period - Adam Henrique wins face-off versus Radek Faksa in CALGARY FIREMEN zone. 4:15 of 2nd period - Shot by Filip Forsberg. 4:15 of 2nd period - Stopped by Jake Allen without a rebound. 4:16 of 2nd period - Theodor Blueger wins face-off versus Ryan Johansen in BOISE CARIBOUS zone. 5:55 of 2nd period - Shot by Tom Wilson. 5:55 of 2nd period - Shot Misses the Net. 5:57 of 2nd period - Shot by Carl Soderberg. 5:57 of 2nd period - Goal by Carl Soderberg - BOISE CARIBOUS : 1 - CALGARY FIREMEN : 2. 5:58 of 2nd period - Carl Soderberg wins face-off versu